 Dungeon Crawl Stone Soup version 0.23-a0-180-ga5275e7 (webtiles) character file.

212 Inarius the Skirmisher (level 5, -2/42 HPs)
             Began as a Mummy Fighter on Sept 18, 2018.
             Slain by a leopard gecko (3 damage)
             ... on level 3 of the Dungeon.
             The game lasted 00:03:37 (3116 turns).

Inarius the Skirmisher (Mummy Fighter)              Turns: 3116, Time: 00:03:38

Health: -2/42      AC:  7    Str: 20    XL:     5   Next: 58%
Magic:  5/5        EV:  7    Int:  7    God:
Gold:   241        SH:  9    Dex: 12    Spells: 4/4 levels left

rFire    x . .     SeeInvis .   a - +0 war axe
rCold    + + .     Gourm    .   c - +0 shield
rNeg     + + +     Faith    .   b - +0 scale mail
rPois    ∞         Spirit   .   (no helmet)
rElec    .         Reflect  .   (no cloak)
rCorr    .         Harm     .   (no gloves)
MR       .....                  (no boots)
Stlth    ..........             (no amulet)
HPRegen  0.14/turn              g - ring of protection from cold
MPRegen  0.09/turn              (no ring)

@: no status effects
A: no food or potions, fire vulnerability, cold resistance 1, negative energy
resistance 3, torment resistance, unbreathing
a: no special abilities


You were on level 3 of the Dungeon.
You were not hungry.

You visited 1 branch of the dungeon, and saw 4 of its levels.

You collected 241 gold pieces.

Inventory:

Hand Weapons
 a - a +0 war axe (weapon)
Armour
 b - a +0 scale mail (worn)
 c - a +0 shield (worn)
Jewellery
 g - a ring of protection from cold (left hand)
Scrolls
 d - 3 scrolls of remove curse {unknown}
 e - 3 scrolls of identify {unknown}
 f - 2 scrolls of fog {unknown}
 h - a scroll of teleportation {unknown}
 i - a scroll of enchant weapon {unknown}


   Skills:
 + Level 4.0 Fighting
 - Level 1.5 Axes
 + Level 3.7 Armour
 + Level 3.8 Shields


You had 4 spell levels left.
You didn't know any spells.
Your spell library was empty.

Dungeon Overview and Level Annotations

Branches:
Dungeon (4/15)
 Temple: D:4-7

Altars:


Innate Abilities, Weirdness & Mutations

You do not eat or drink.
Your flesh is vulnerable to fire.
You are immune to poison.
Your flesh is cold resistant. (rC+)
You are immune to negative energy. (rN+++)
You are immune to unholy pain and torment.
You can survive without breathing.


Message History

You block the leopard gecko's attack.
You climb upwards.
There is a stone staircase leading down here.
You block the leopard gecko's attack. The leopard gecko bites you.
* * * LOW HITPOINT WARNING * * *
You see here a ruby potion.
The leopard gecko bites you.
* * * LOW HITPOINT WARNING * * *
You block the leopard gecko's attack. The leopard gecko closely misses you.
You block the leopard gecko's attack.
The leopard gecko bites you but does no damage.
The leopard gecko bites you.
* * * LOW HITPOINT WARNING * * *
The leopard gecko bites you.
* * * LOW HITPOINT WARNING * * *
You closely miss the leopard gecko. The leopard gecko bites you.
* * * LOW HITPOINT WARNING * * *
The leopard gecko bites you.
You die...

#.#.# #.# #.## #.#.# #.# #...
..#.####.## #### ..........##
...#.......################
..###.....................#######
...#.......########.##.##.......#
..#.#......########.##.##.#####.#
..#...........sl@..!......# #.#
...........!.######.##.##.# #..
###..........<## #.##.##.# #..
#......>....))## #.......### #..
##..............# ####......# #..
##.............#######..###.###.#
..............%....g....# #.....#
##.#.........########.#.###.###.#
###.#.....#.#########.#>....###.#


You could see a scorpion and a leopard gecko.

Vanquished Creatures
  4 gnolls (D:3)
  8 adders
  An ooze (D:1)
  A worm (D:3)
  3 leopard geckos
  An orc (D:3)
  A ball python (D:3)
  9 giant cockroaches
  16 goblins
  5 hobgoblins
  11 jackals
  4 bats
  5 frilled lizards
  7 kobolds
  12 rats
88 creatures vanquished.

Notes
Turn   | Place    | Note
-------+----------+-------------------------------------------
     0 | D:1      | Inarius the Mummy Fighter began the quest for the Orb.
     0 | D:1      | Reached XP level 1. HP: 18/18 MP: 1/1
   155 | D:1      | Reached XP level 2. HP: 22/24 MP: 2/2
   590 | D:1      | Reached XP level 3. HP: 29/29 MP: 3/3
  1259 | D:2      | Reached XP level 4. HP: 33/35 MP: 4/4
  1993 | D:3      | Reached XP level 5. HP: 33/42 MP: 5/5
  2885 | D:3      | Reached skill level 4 in Fighting
  3116 | D:3      | HP: 1/42 [leopard gecko (3)]
  3116 | D:3      | Slain by a leopard gecko

Vault maps used:
D:1:      erik_arrival_cave_to_civilisation
D:3:      minmay_misc_feat_iff, minmay_divided_ellipse
D:4:      lemuel_round_altar, first_ration, sigmund_edmund_badplayer

Skill      XL: |  1  2  3  4  5 |
---------------+----------------+-----
Armour         | 3 |  3.7
Shields        | 3 |  3.8
Fighting       | 4 |  4.0
Axes           | |  1.5

Action                   |  1- 3 |  4- 6 || total
-------------------------+-------+-------++-------
Melee: War axe           |   134 |   204 ||   338
Armor: Scale mail        |   109 |   109 ||   218
Dodge: Dodged            |    60 |    88 ||   148
Block: Shield            |    85 |   156 ||   241

Table legend:
 A = Non-vault XP
 B = Vault XP
 C = Vault XP percentage of total XP
 D = Non-vault monster count
 E = Vault monster count
 F = Vault count percentage of total count
                 A         B        C        D         E       F
            +---------+---------+-------+---------+---------+-------
      Total |     240 |      63 |  20.8 |      73 |      15 |  17.0
            +---------+---------+-------+---------+---------+-------
        D:1 |      51 |       3 |   5.6 |      25 |       2 |   7.4
        D:2 |      80 |       0 |   0.0 |      27 |       0 |   0.0
        D:3 |     109 |      60 |  35.5 |      21 |      13 |  38.2
            +---------+---------+-------+---------+---------+-------
